 Dungeon Crawl Stone Soup version 0.29.0-7-g18a832c13a (webtiles) character file.

Game seed: 10477456661465782226

1379 ImASeal the Carver (level 8, 0/70 HPs)
             Began as a Troll Gladiator on Aug 30, 2022.
             Slain by an orc warrior
             ... wielding a +0 vorpal mace
              (9 damage)
             ... on level 8 of the Dungeon.
             The game lasted 00:16:22 (5889 turns).

ImASeal the Carver (Troll Gladiator)                Turns: 5889, Time: 00:16:23

Health: 0/70       AC:  9    Str: 25    XL:     8   Next: 39%
Magic:  7/7        EV: 14    Int:  4    God:
Gold:   534        SH:  0    Dex: 11    Spells: 7/7 levels left

rFire   . . .      SeeInvis .   a - +0 long sword
rCold   . . .      Faith    .   (no shield)
rNeg    . . .      Spirit   .   x - +3 robe of Valour {rCorr}
rPois   .          Reflect  .   c - +1 hat
rElec   .          Harm     .   y - +0 cloak
rCorr   +          Rampage  .   (gloves unavailable)
Will    +....                   (boots unavailable)
Stlth   +.........              l - amulet of the acrobat
HPRegen 1.01/turn               p - +4 ring of evasion
MPRegen 0.10/turn               G - ring of willpower

@: no status effects
A: large, unfitting armour, claws 3, regeneration 1, shaggy fur 1, tough skin 1
a: no special abilities


You were on level 8 of the Dungeon.
You visited 1 branch of the dungeon, and saw 8 of its levels.

You collected 534 gold pieces.

Inventory:

Hand Weapons
 a - a +0 long sword (weapon)
Missiles
 d - 3 throwing nets
 e - a large rock
 n - 3 atropa-tipped darts
 A - 59 stones (quivered)
 B - 11 poisoned darts
Armour
 c - a +1 hat (worn)
 x - the +3 robe of Valour (worn) {rCorr}
   (You found it on level 3 of the Dungeon)

   rCorr:     It protects you from acid and corrosion.
 y - a +0 cloak (worn)
 H - the +1 robe of the Wheelwright {rPois}
   (You found it on level 5 of the Dungeon)

   rPois:     It protects you from poison.
Jewellery
 l - an amulet of the acrobat (around neck)
 p - a +4 ring of evasion (left claw)
 G - a ring of willpower (right claw)
 I - a ring of fire
 J - a +6 ring of intelligence
Scrolls
 b - 3 scrolls of enchant armour
 f - 2 scrolls of vulnerability
 g - a scroll of identify
 j - 2 scrolls of poison
 m - 3 scrolls of immolation {unknown}
 o - 2 scrolls of amnesia {unknown}
 q - a scroll of acquirement {unknown}
 t - a scroll of magic mapping {unknown}
 u - a scroll of noise {unknown}
 v - 3 scrolls of blinking {unknown}
 w - 4 scrolls of teleportation {unknown}
 C - 2 scrolls of fear {unknown}
 K - 2 scrolls of brand weapon {unknown}
Potions
 h - 3 potions of curing {unknown}
 i - 2 potions of attraction
 k - 3 potions of heal wounds
 r - 2 potions of haste {unknown}
 s - 3 potions of berserk rage
 z - a potion of ambrosia {unknown}
 D - 3 potions of brilliance {unknown}
 E - a potion of might {unknown}
 F - a potion of magic {unknown}
 L - a potion of degeneration {unknown}


   Skills:
 - Level 1.5 Fighting
 + Level 9.1 Long Blades
 - Level 1.7 Throwing
 - Level 2.4 Dodging


You had 7 spell levels left.
You didn't know any spells.
Your spell library contained the following spells:

 Spells                   Type           Power      Damage    Failure   Level
 Sandblast                Erth           0%         2d4       50%         1
 Passwall                 Tmut/Erth      0%         N/A       65%         2
 Sublimation of Blood     Necr           0%         N/A       65%         2
 Ignite Poison            Fire/Tmut/Pois 0%         N/A       86%         3
 Mephitic Cloud           Conj/Pois/Air  0%         N/A       86%         3
 Stone Arrow              Conj/Erth      0%         3d7       86%         3
 Petrify                  Tmut/Erth      0%         N/A       99%         4
 Summon Ice Beast         Ice/Summ       0%         N/A       99%         4
 Freezing Cloud           Conj/Ice/Air   0%         6-21      100%        5
 Irradiate                Conj/Tmut      0%         3d11      100%        5
 Summon Mana Viper        Hex/Summ       0%         N/A       100%        5
 Monstrous Menagerie      Summ           0%         N/A       100%        7


Dungeon Overview and Level Annotations

Branches:
Dungeon (8/15)             Temple (0/1) D:6
   Lair: D:8-11

Altars:
Zin


Innate Abilities, Weirdness & Mutations

You are too large for most types of armour.
You have claws for hands.
Your natural rate of healing is unusually fast.
You are covered in fur. (AC +1)
You have tough skin. (AC +1)


Message History

The orc warrior hits you with a +0 vorpal mace!
* * * LOW HITPOINT WARNING * * *
The orc closely misses you. The orc attacks as you move away!
The orc barely misses you. Something barely misses you.
Something closely misses you.
Found a stone staircase leading down.
The orc attacks as you move away! The orc completely misses you.
Found 13 gold pieces.
The orc warrior attacks as you move away!
The orc warrior closely misses you. Something completely misses you.
You barely miss something. Something hits you but does no damage.
You closely miss something. Something hits you.
You miss something. Something hits you but does no damage.
You slash something!
Reactivating autopickup.
You feel a bit more experienced.
You barely miss the orc warrior.
The orc warrior is heavily wounded.
The orc warrior hits you but does no damage.
You closely miss the orc warrior.
The orc warrior is heavily wounded.
The orc warrior misses you.
You slash the orc warrior!
The orc warrior is severely wounded.
The orc warrior closely misses you.
You hit the orc warrior.
The orc warrior is severely wounded.
The orc warrior hits you with a +0 vorpal mace!
* * * LOW HITPOINT WARNING * * *
x2 You hit the orc warrior.
The orc warrior is almost dead.
The orc warrior hits you with a +0 vorpal mace!
* * * LOW HITPOINT WARNING * * *
x2 You hit the orc warrior but do no damage.
The orc warrior is almost dead.
The orc warrior closely misses you.
You barely miss the orc warrior.
The orc warrior is almost dead.
The orc warrior hits you with a +0 vorpal mace!
You die...

#.....# #)....##
#......##
#.......# .
#.......# ..$
#........ ....#
#........#
#...####........
#..@##........
#..#oo........
##..##........
### ####.....
##... ... >.


You could see an orc warrior and an orc.

Vanquished Creatures
  A black bear (D:7)
  A centaur (D:7)
  A phantom (D:4)
  2 kobold brigands
  A bullfrog (D:7)
  2 necrophages (D:4)
  4 scorpions
  4 hounds
  A gnoll bouda (D:5)
  2 iguanas
  4 orc wizards
  4 gnolls (D:5)
  10 adders
  A shadow imp (D:7)
  A white imp (D:5)
  An ufetubus (D:5)
  A dart slug (D:3)
  2 adder simulacra (D:5)
  14 orcs
  6 ball pythons
  3 bats
  5 endoplasms
  4 giant cockroaches
  5 goblins
  6 hobgoblins
  7 jackals
  14 kobolds
  3 quokkas
  6 frilled lizards
  7 rats
123 creatures vanquished.

Vanquished Creatures (others)
  The ghost of Flesh177 the Ducker, a novice MfAE of Uskayaw (D:5)
  2 water moccasin simulacra (D:5)
  A centaur simulacrum (D:5)
  A scorpion simulacrum (D:5)
5 creatures vanquished.

Grand Total: 128 creatures vanquished

Notes
Turn   | Place    | Note
-------+----------+-------------------------------------------
     0 | D:1      | ImASeal the Troll Gladiator began the quest for the Orb.
     0 | D:1      | Reached XP level 1. HP: 19/19 MP: 0/0
    33 | D:1      | Found a faded altar of an unknown god.
   139 | D:1      | Reached XP level 2. HP: 27/27 MP: 1/1
   161 | D:1      | Reached skill level 3 in Long Blades
   938 | D:2      | Reached XP level 3. HP: 33/33 MP: 2/2
  1081 | D:2      | Reached skill level 4 in Long Blades
  1358 | D:2      | Reached XP level 4. HP: 41/41 MP: 3/3
  1920 | D:3      | Identified the +3 robe of Valour {rCorr}
  2596 | D:4      | Noticed a necrophage
  2613 | D:4      | Killed a necrophage
  2614 | D:4      | Reached skill level 5 in Long Blades
  2614 | D:4      | Reached XP level 5. HP: 41/48 MP: 4/4
  2665 | D:4      | Identified the +0 scale mail of the Game Afoot {Slay+2}
  2823 | D:4      | Reached XP level 6. HP: 52/55 MP: 5/5
  2884 | D:4      | Reached skill level 6 in Long Blades
  3084 | D:5      | Entered Level 5 of the Dungeon
  3131 | D:5      | Found a glowing silver altar of Zin.
  3373 | D:5      | Reached XP level 7. HP: 62/62 MP: 6/6
  3421 | D:5      | Found a runed translucent gate.
  3421 | D:5      | Found a runed translucent gate.
  3421 | D:5      | Found a runed translucent gate.
  3540 | D:5      | Reached skill level 7 in Long Blades
  3693 | D:5      | Identified the +1 robe of the Wheelwright {rPois}
  3778 | D:5      | Noticed Flesh177's ghost (novice MfAE)
  4033 | D:5      | Killed Flesh177's ghost
  4303 | D:6      | Found a staircase to the Ecumenical Temple.
  4630 | D:6      | Reached skill level 8 in Long Blades
  4979 | D:7      | Reached XP level 8. HP: 70/70 MP: 7/7
  5789 | D:8      | Reached skill level 9 in Long Blades
  5889 | D:8      | Slain by an orc warrior

Illustrated notes

Levels and vault maps discovered:
D:1:      dreamdust_arrival_beginning_and_end, layout_loops_cross,
          hellmonk_ecumenical_altar_dog_temple, nicolae_titane
D:2:      wad_river_or_something, layout_basic, minmay_pentomino_v2
D:3:      layout_basic
D:4:      layout_rooms
D:5:      layout_loops_ring, zin_treasury, gammafunk_ghost_icy
D:6:      layout_loops_corners, minmay_temple_entry_stoned_glass,
          minmay_misc_feat_rows
D:7:      layout_loops_ring
D:8:      layout_cave_pods, amethyst_overflow_temple_binary, enter_bailey_2

Skill      XL: |  1  2  3  4  5  6  7  8 |
---------------+-------------------------+-----
Long Blades    | 3 4 5 6 8 9 |  9.1
Fighting       | |  1.5
Throwing       | |  1.7
Dodging        | |  2.4

Action                   |  1- 3 |  4- 6 |  7- 9 || total
-------------------------+-------+-------+-------++-------
Melee: Long sword        |   122 |   223 |   344 ||   689
       Punch             |     1 |       |     1 ||     2
Throw: Dart              |       |     2 |       ||     2
       Large rock        |       |     1 |       ||     1
       Stone             |       |     7 |       ||     7
  Use: Scroll            |       |     4 |     3 ||     7
       Potion            |       |     1 |     1 ||     2
 Stab: Sleeping          |     2 |     1 |       ||     3
Armor: Robe              |    48 |    82 |   165 ||   295
Dodge: Dodged            |    86 |   199 |   338 ||   623
